 Dungeon Crawl Stone Soup version 0.30-a0-618-gd6c86c23d0 (webtiles) character file.

Game seed: 4965412698898644110

259 Leeroy the Sneak (level 6, -1/39 HPs)
             Began as an Octopode Transmuter on Jan 9, 2023.
             Constricted to death by Natasha (8 damage)
             ... on level 3 of the Dungeon.
             The game lasted 00:03:20 (2306 turns).

Leeroy the Sneak (Octopode Transmuter)              Turns: 2306, Time: 00:03:21

Health: -1/39      AC:  1    Str: 10    XL:     6   Next: 17%
Magic:  17/18      EV: 10    Int: 17    God:
Gold:   160        SH:  5    Dex: 12    Spells: 3/9 levels left

rFire   . . .      SeeInvis .    b - +2 short sword (elec)
rCold   . . .      Faith    .    (no shield)
rNeg    . . .      Spirit   .    (helmet currently unavailable)
rPois   .          Reflect  +    h - amulet of reflection
rElec   .          Harm     .    l - ring of resist corrosion
rCorr   +          Rampage  .    p - ring of magical power
Will    .....                    (no ring)
Stlth   ++++                     (no ring)
HPRegen 0.26/turn                (no ring)
MPRegen 0.16/turn                (no ring)
                                 (no ring)
                                 (no ring)

@: appendages, grasped by roots, slowed, constricted, very slow
A: tentacle spike 3, almost no armour, amphibious, 8 rings, camouflage 1,
gelatinous body 1, (nimble swimmer 1), tentacles
a: End Transformation


You were on level 3 of the Dungeon.
One of your tentacles had grown a beastly spike.
You visited 1 branch of the dungeon, and saw 3 of its levels.

You collected 160 gold pieces.

Inventory:

Hand Weapons
 b - a +2 short sword of electrocution (weapon)
Jewellery
 h - an amulet of reflection (around mantle)
 l - a ring of resist corrosion (left tentacle)
 p - a ring of magical power (right tentacle)
Scrolls
 d - a scroll of teleportation {unknown}
 f - a scroll of identify
 j - a scroll of immolation {unknown}
 k - a scroll of amnesia {unknown}
 n - a scroll of blinking {unknown}
 r - a scroll of torment {unknown}
 s - a scroll of fog {unknown}
Potions
 c - 2 potions of curing
 e - a potion of might {unknown}
 g - a potion of flight {unknown}
 i - a potion of resistance {unknown}
 m - a potion of heal wounds {unknown}
 o - a potion of haste {unknown}
 q - a potion of magic {unknown}
 t - a potion of degeneration {unknown}


   Skills:
 + Level 1.7 Fighting
 - Level 2.0 Dodging
 * Level 7.2 Stealth
 - Level 4.0 Unarmed Combat
 - Level 2.0 Spellcasting
 - Level 2.0 Transmutations


You had 3 spell levels left.
You knew the following spells:

 Your Spells              Type           Power      Damage    Failure   Level
a - Beastly Appendage     Tmut           16%        N/A       9%          1
b - Spider Form           Tmut/Pois      5%         N/A       36%         3
c - Wereblood             Tmut           8%         N/A       13%         2

Your spell library contained the following spells:

 Spells                   Type           Power      Damage    Failure   Level
 Apportation              Tloc           2%         N/A       19%         1
 Necrotise                Necr           4%         1d4       19%         1
 Summon Small Mammal      Summ           4%         N/A       19%         1
 Ice Form                 Ice/Tmut       5%         N/A       77%         4


Dungeon Overview and Level Annotations

Branches:
Dungeon (3/15)

Altars:

Annotations:
D:3 Natasha


Innate Abilities, Weirdness & Mutations

One of your tentacles has grown a beastly spike.
You cannot wear most types of armour.
You are amphibious.
You can wear up to eight rings at the same time.
Your skin changes colour to match your surroundings (Stealth+).
Your rubbery body absorbs attacks. (AC +1, EV +1)
((You are camouflaged when in or above water. (Stealth+)))
You have tentacles for arms and can constrict up to eight enemies at once.


Message History

You feel less wooden.
You start resting.
You start resting.
Natasha, Servant of Life and Death comes into view.
She is carrying a wand of roots (6).
Natasha is nearby!
Natasha casts a spell at you. The magic dart hits you!
You aren't carrying any items that you can evoke.
Unknown command.
Okay, then.
Natasha stares at you and mumbles some strange words.
You feel yourself slow down.
Items here: )))))) ? ††.
Natasha casts a spell.
Casting: Beastly Appendage (safe; 9% risk of failure)
Confirm with . or Enter, or press ? or * to list all spells.
Okay, then.
You hear the crackle of electricity.
b - a +2 short sword of electrocution (weapon)
You aren't carrying any items that you can evoke.
Casting: Beastly Appendage (safe; 9% risk of failure)
Confirm with . or Enter, or press ? or * to list all spells.
One of your tentacles grows a vicious spike.
Natasha barely misses you.
You hit Natasha. Your grab misses Natasha. You squeeze Natasha.
Natasha is moderately wounded.
Natasha zaps a wand.
The roots erupt in riotous growth!
The grasping roots grab you!
Natasha is unaffected.
The grasping roots constrict you.
The crimson imp blinks!
You hear an angry hiss.
You hit Natasha. Your grab misses Natasha. Your squeeze misses Natasha.
Natasha is heavily wounded.
Natasha misses you. The grasping roots constrict you.
You block Natasha's attack. The grasping roots constrict you.
* * * LOW HITPOINT WARNING * * *
You hit Natasha but do no damage. Your grab misses Natasha.
Natasha is heavily wounded.
You block Natasha's attack. The grasping roots constrict you!
You die...

.#...##..##.....#..............#
.###.##.##..).#))##............#
. #.##.##.#?.##.# #...........#
. #.......#.5.#)###...........#
. ###.##.##.#h........÷.......##
. ...##.#..#.#................#
# #.#.##...##.#.................
#....###...#.##....#..#####...#
... ### ##.^..h@......## #...#
.... ##...5........#####...# ...
##...........÷<..#...#
#..##.....#####..####
#####.##...#.######..#
#..........#....####.##
#########..........####..###..##
#...........>......# ##..###..#
#......†#..........# ##...##..


You could see Natasha and a crimson imp (summoned).

Vanquished Creatures
  A scorpion (D:3)
  Jessica (D:3)
  Natasha (twice) (D:3)
  Robin (D:3)
  4 adders
  4 dart slugs
  3 orcs
  2 bats (D:1)
  4 endoplasms
  15 goblins
  3 hobgoblins
  A jackal (D:1)
  2 quokkas
  9 ball pythons
  3 frilled lizards
  7 kobolds
  8 rats
70 creatures vanquished.

Notes
Turn   | Place    | Note
-------+----------+-------------------------------------------
     0 | D:1      | Leeroy the Octopode Transmuter began the quest for the Orb.
     0 | D:1      | Reached XP level 1. HP: 13/13 MP: 3/3
   191 | D:1      | Reached skill level 1 in Stealth
   237 | D:1      | Reached XP level 2. HP: 12/18 MP: 5/5
   510 | D:1      | Reached skill level 2 in Stealth
   510 | D:1      | Reached XP level 3. HP: 23/23 MP: 6/6
   529 | D:1      | Learned a level 3 spell: Spider Form
   532 | D:1      | Learned a level 2 spell: Wereblood
  1251 | D:2      | Reached skill level 3 in Stealth
  1719 | D:3      | Noticed Robin
  1787 | D:3      | Reached XP level 4. HP: 22/28 MP: 7/7
  1789 | D:3      | Noticed a scorpion
  1803 | D:3      | Killed a scorpion
  1804 | D:3      | Reached skill level 5 in Stealth
  1804 | D:3      | Reached XP level 5. HP: 29/33 MP: 8/8
  1804 | D:3      | Noticed Natasha
  1813 | D:3      | Killed Natasha
  1898 | D:3      | Noticed Jessica
  1905 | D:3      | Killed Jessica
  1906 | D:3      | Reached skill level 6 in Stealth
  2160 | D:3      | Killed Robin
  2161 | D:3      | Reached XP level 6. HP: 8/38 MP: 9/9
  2179 | D:3      | Noticed Natasha
  2189 | D:3      | Killed Natasha
  2190 | D:3      | Reached skill level 7 in Stealth
  2292 | D:3      | Noticed Natasha
  2306 | D:3      | Constricted to death by Natasha

Illustrated notes

Levels and vault maps discovered:
D:1:      wander_arrival_peaceful_grave, layout_basic, minmay_split_cup_small
D:2:      layout_basic, kennysheep_flooded_box, chequers_jeans
D:3:      layout_rooms, st_stairs_10, uniq_robin, uniq_natasha, uniq_jessica

Skill      XL: |  1  2  3  4  5  6 |
---------------+-------------------+-----
Stealth        | 1 2 3 5 6 7 |  7.2
Unarmed Combat | 4 |  4.0
Fighting       | |  1.7
Dodging        | |  2.0
Spellcasting   | |  2.0
Transmutations | |  2.0

Action                   |  1- 3 |  4- 6 || total
-------------------------+-------+-------++-------
Melee: Short sword       |    53 |    58 ||   111
       Unarmed           |     2 |    15 ||    17
       Constrict         |    11 |    11 ||    22
       Tentacles         |     6 |     9 ||    15
       Punch             |     1 |     2 ||     3
 Cast: Beastly Appendage |       |     1 ||     1
  Use: Potion            |       |     3 ||     3
       Scroll            |       |     1 ||     1
 Stab: Sleeping          |    10 |     3 ||    13
       Distracted        |       |     1 ||     1
Armor: Skin              |     4 |    14 ||    18
Dodge: Dodged            |    11 |    33 ||    44
Block: Other             |     2 |    10 ||    12

Table legend: (Time is in decaauts)
 A = Elapsed time spent in this place.
 B = Non-inter-level travel time spent in this place.
 C = Inter-level travel time spent in this place.
 D = Time resting spent in this place.
 E = Time spent auto-exploring this place.
 F = Levels seen in this place.
 G = Mean time per level.
                   A        B        C        D        E       F      G
               +--------+--------+--------+--------+--------+-----+--------+
         Total |   2306 |   2252 |     54 |    114 |   1694 |   3 |  768.7 |
       Dungeon |   2306 |   2252 |     54 |    114 |   1694 |   3 |  768.7 |
               +--------+--------+--------+--------+--------+-----+--------+

Top non-repeatable levels by time:
     D:2: 1050 daAuts
     D:1: 721 daAuts
     D:3: 534 daAuts
